 Dungeon Crawl Stone Soup version 0.28-a0-422-gd71735cc25 (webtiles) character file.

Game seed: 7896434207715465915

37 heikuro the Shield-Bearer (level 3, -1/30 HPs)
             Began as a Formicid Fighter on Sept 8, 2021.
             Was a Follower of Wu Jian.
             Slain by an adder (3 damage)
             ... on level 1 of the Dungeon.
             The game lasted 00:01:54 (1446 turns).

heikuro the Shield-Bearer (Formicid Fighter)        Turns: 1446, Time: 00:01:55

Health: -1/30      AC:  6    Str: 21    XL:     3   Next: 60%
Magic:  3/3        EV:  9    Int:  7    God:    Wu Jian [*.....]
Gold:   46         SH:  4    Dex: 10    Spells: 2/2 levels left

rFire   . . .      SeeInvis +   a - +0 long sword
rCold   . . .      Faith    .   c - +0 buckler
rNeg    . . .      Spirit   .   b - +0 scale mail
rPois   .          Reflect  .   (helmet unavailable)
rElec   .          Harm     .   (no cloak)
rCorr   .          Rampage  .   (no gloves)
Will    .....                   (no boots)
Stlth   ..........              (no amulet)
HPRegen 0.10/turn               (no ring)
MPRegen 0.08/turn               (no ring)

@: lethally poisoned (-1 -> -6)
A: permanent stasis, dig shafts and tunnels, antennae 3, four strong arms
a: Dig, Shaft Self, Renounce Religion


You were on level 1 of the Dungeon.
You worshipped Wu Jian.
Wu Jian was aware of your devotion.
You visited 1 branch of the dungeon, and saw 2 of its levels.

You collected 46 gold pieces.

Inventory:

Hand Weapons
 a - a +0 long sword (weapon)
Missiles
 e - 7 javelins (quivered)
Armour
 b - a +0 scale mail (worn)
 c - a +0 buckler (worn)
 i - a +1 leather armour of willpower
Scrolls
 f - a scroll of identify {unknown}
Potions
 d - a potion of might
 g - a potion of haste {unknown}
 h - a potion of berserk rage {unknown}
 j - a potion of curing {unknown}


   Skills:
 + Level 3.6 Fighting
 * Level 2.7 Long Blades
 + Level 3.6 Armour
 + Level 4.0 Shields


You had 2 spell levels left.
You didn't know any spells.
Your spell library contained the following spells:

 Spells                   Type           Power      Damage    Failure   Level
 Animate Skeleton         Necr           0%         N/A       77%         1
 Apportation              Tloc           0%         N/A       77%         1
 Summon Small Mammal      Summ           0%         N/A       77%         1


Dungeon Overview and Level Annotations

Branches:
Dungeon (2/15)

Altars:
Wu Jian

Shops:
D:2 [


Innate Abilities, Weirdness & Mutations

You cannot be hasted, slowed, berserked, paralysed or teleported.
You can dig through walls and to a lower floor.
You have a pair of large antennae on your head. (SInv)
Your four strong arms can wield two-handed weapons with a shield.


Message History

The ball python barely misses you.
You spin and attack the ball python.
You barely miss the ball python. You block the ball python's attack.
The ball python grabs you. The ball python constricts you.
You escape the ball python's grasp.
Unknown command.
You block the adder's attack.
You barely miss the adder. The adder bites you but does no damage.
The adder barely misses you.
You barely miss the adder. The adder misses you.
You closely miss the adder. The adder closely misses you. The adder bites you.
You are poisoned.
The adder poisons you!
You miss the adder.
You feel sick. The adder bites you. x2
You are more poisoned.
The adder poisons you!
You barely miss the adder.
You feel sick. The adder bites you.
You are more poisoned.
The adder poisons you!
You closely miss the adder.
You feel very sick. The adder bites you.
You are lethally poisoned!
The adder poisons you! The adder closely misses you.
You miss the adder.
* * * LOW HITPOINT WARNING * * *
You feel very sick. The adder barely misses you.
You miss the adder.
* * * LOW HITPOINT WARNING * * *
You feel very sick. The adder bites you but does no damage.
The adder barely misses you.
You closely miss the adder.
* * * LOW HITPOINT WARNING * * *
You feel very sick. You block the adder's attack.
You closely miss the adder.
* * * LOW HITPOINT WARNING * * *
You feel sick. The adder closely misses you. The adder bites you.
You die...

##...### ########..##.....
###...### ##........###.##..
###...### ##..#..............
#....>..####.....#########....
#..........K.....#########....
#.....###...#.................
#.....#######SK.............##
##........###S################
#.#..###...#@#...............
#.##..####.[.#.............#.
#...#.# ###.#...###........#
###.#.## #.#..## ##........
#....# #.#..## ##).......
#####..#####.#...###)..####..
#..........#.#.)..)...##†.##.
#.....................#.##>#.
#............#........##)###.


You could see an adder, a ball python and a kobold.

Vanquished Creatures
  A dart slug (D:1)
  4 bats (D:1)
  An endoplasm (D:1)
  2 giant cockroaches (D:1)
  3 goblins (D:1)
  A hobgoblin (D:1)
  4 jackals (D:1)
  3 kobolds (D:1)
  A quokka (D:1)
  7 ball pythons (D:1)
  A frilled lizard (D:1)
  3 rats (D:1)
31 creatures vanquished.

Notes
Turn   | Place    | Note
-------+----------+-------------------------------------------
     0 | D:1      | heikuro the Formicid Fighter began the quest for the Orb.
     0 | D:1      | Reached XP level 1. HP: 18/18 MP: 1/1
   280 | D:1      | Reached XP level 2. HP: 24/24 MP: 2/2
   617 | D:1      | Reached XP level 3. HP: 26/29 MP: 3/3
   810 | D:1      | Reached skill level 4 in Shields
  1337 | D:1      | Found a faded altar of an unknown god.
  1342 | D:1      | Became a worshipper of the Wu Jian Council
  1342 | D:1      | Reached * piety under Wu Jian
  1412 | D:2      | Found Nuit Irri's Armour Shop.
  1446 | D:1      | Slain by an adder

Illustrated notes

Levels and vault maps discovered:
D:1:      erik_arrival_cave_to_civilisation [erik_arrival_cave_to_hall],
          layout_rooms, shapermc_ecumenical_altar_hornbeckon, grunt_decor_cap
D:2:      minmay_roachtagon, layout_rooms, serial_shops, shop

Skill      XL: |  1  2  3 |
---------------+----------+-----
Shields        | 4 |  4.0
Fighting       | |  3.6
Long Blades    | |  2.7
Armour         | |  3.6

Action                   || total
-------------------------++-------
Melee: Long sword        ||   110
Throw: Javelin           ||     1
Invok: Whirlwind         ||     4
 Abil: Dig               ||     1
Armor: Scale mail        ||    67
Dodge: Dodged            ||    75
Block: Buckler           ||    39

Table legend: (Time is in decaauts)
 A = Elapsed time spent in this place.
 B = Non-inter-level travel time spent in this place.
 C = Inter-level travel time spent in this place.
 D = Time resting spent in this place.
 E = Time spent auto-exploring this place.
 F = Levels seen in this place.
 G = Mean time per level.
                   A        B        C        D        E       F      G
               +--------+--------+--------+--------+--------+-----+--------+
         Total |   1486 |   1275 |    211 |    213 |    793 |   2 |  743.0 |
       Dungeon |   1486 |   1275 |    211 |    213 |    793 |   2 |  743.0 |
               +--------+--------+--------+--------+--------+-----+--------+

Top non-repeatable levels by time:
     D:1: 1479 daAuts
     D:2: 6 daAuts
